Workbook

Sheet DIFERENTES DE CPS
A1: AÑO | B1: NO. PROCESO | C1: NO. CONTRATO | D1: CLASE | E1: TIPO DE CONTRATO | F1: TIPOLOGIA ESPECIFICA | G1: CONTRATISTA | H1: OBJETO DEL CONTRATO | I1: DEPENDENCIA | J1: VALOR INICIAL DEL CONTRATO | K1: VALOR RECURSOS ANT | L1: FECHA DE SUSCRIPCION | M1: FECHA INCIAL DESDE | N1: FECHA FINAL HASTA | O1: CANTIDAD DE OTROSÍES Y ADICIONES REALIZADAS (Y SUS MONTOS) | P1: VALOR TOTAL FINAL CONTRATO | Q1: RECURSOS DESEMBOLSADOS | R1: %DE EJECUCION | S1: RECURSOS PENDIENTES DE EJECUTAR | T1: LINK DE PUBLICACION SECOP II
A2: 2025 | B2: ANT-20251941 | C2: ANT-20251941 | D2: 20 OTROS | E2: CD | F2: PRESTACIÓN DE SERVICIOS | G2: HEINSOHN HUMAN GLOBAL SOLUTIONS S.A.S | H2: Contratar los servicios técnicos especializados de soporte, mantenimiento, actualización, asesoría y/o desarrollo para el Sistema de Información SIGEP y Servicios Administrativos de la ANT mediante la modalidad de bolsa de horas, de acuerdo con la propuesta de servicios y el anexo técnico. | I2: SUBDIRECCIÓN ADMINISTRATIVA Y FINANCIERA | J2: 211650000 | K2: =+J2 -> 211650000 | L2: 45693 | M2: 45695 | N2: 46022 | P2: 211650000 | Q2: 13132500 | R2: =IF('DIFERENTES DE CPS'!$M7="SIN INICIO",0,IF((((TODAY()-M2)*100%)/(N2-M2))>=100%,"100%",(((TODAY()-M2)*100%)/(N2-M2)))) -> 0.8440367 | S2: =+'DIFERENTES DE CPS'!$P7-'DIFERENTES DE CPS'!$Q7 -> 59309101 | T2: https://community.secop.gov.co/Public/Tendering/OpportunityDetail/Index?noticeUID=CO1.NTC.7519215&isFromPublicArea=True&isModal=true&asPopupView=true
A3: 2025 | B3: ANT-20258538 | C3: ANT-20258538 | D3: 20 OTROS | E3: CD | F3: PROFESIONALES | G3: ALPOPULAR ALMACÉN GENERAL DE DEPÓSITOS S.A | H3: Contratar el arrendamiento de un inmueble destinado para el almacenamiento y custodia del archivo de gestión y central de la Agencia Nacional de Tierras | I3: SUBDIRECCIÓN ADMINISTRATIVA Y FINANCIERA | J3: 1.2524436e+08 | K3: =+J3 -> 1.2524436e+08 | L3: 45898 | M3: 45901 | N3: 46022 | P3: 1.2524436e+08 | Q3: 0 | R3: =IF('DIFERENTES DE CPS'!$M70="SIN INICIO",0,IF((((TODAY()-M3)*100%)/(N3-M3))>=100%,"100%",(((TODAY()-M3)*100%)/(N3-M3)))) -> 0.5785124 | S3: =+'DIFERENTES DE CPS'!$P70-'DIFERENTES DE CPS'!$Q70 -> 46444630 | T3: https://community.secop.gov.co/Public/Tendering/OpportunityDetail/Index?noticeUID=CO1.NTC.8685852&isFromPublicArea=True&isModal=true&asPopupView=true
A4: 2025 | B4: ANT-202510176 | C4: ANT-202510176 | D4: 20 OTROS | E4: CD | F4: CONTRATO INTERADMINISTRATIVO | G4: ARCHIVOS DEL ESTADO Y TECNOLOGÍAS DE LA INFORMACIÓN S.A.S | H4: Contratar los servicios especializados para realizar la intervención técnica archivística del fondo documental del INCODER e INCORA | I4: SUBDIRECCIÓN ADMINISTRATIVA Y FINANCIERA | J4: 8322498585 | K4: =+J4 -> 8322498585 | L4: 45919 | M4: SIN INICIO | N4: 46011 | P4: 8322498585 | Q4: 0 | R4: =IF('DIFERENTES DE CPS'!$M78="SIN INICIO",0,IF((((TODAY()-M4)*100%)/(N4-M4))>=100%,"100%",(((TODAY()-M4)*100%)/(N4-M4)))) -> #VALUE! | S4: =+'DIFERENTES DE CPS'!$P78-'DIFERENTES DE CPS'!$Q78 -> 172101259 | T4: https://community.secop.gov.co/Public/Tendering/OpportunityDetail/Index?noticeUID=CO1.NTC.8811305&isFromPublicArea=True&isModal=False
A5: 2025 | B5: 141489 | C5: ANT-20252450 | D5: 20 OTROS | E5: AMP | F5: ORDEN DE COMPRA | G5: ASECOLBAS LTDA | H5: Contratar el servicio integral de Aseo y cafetería para las sedes de la AGENCIANACIONAL DE TIERRAS - ANT a Nivel Nacional | I5: SUBDIRECCIÓN ADMINISTRATIVA Y FINANCIERA | J5: 74085778 | K5: =+J5 -> 74085778 | L5: 45695 | M5: 45702 | N5: 45907 | P5: 74085778 | Q5: 22059850 | R5: =IF('DIFERENTES DE CPS'!$M12="SIN INICIO",0,IF((((TODAY()-M5)*100%)/(N5-M5))>=100%,"100%",(((TODAY()-M5)*100%)/(N5-M5)))) -> 100% | S5: =+'DIFERENTES DE CPS'!$P12-'DIFERENTES DE CPS'!$Q12 -> 47168796 | T5: https://www.colombiacompra.gov.co/tienda-virtual-del-estado-colombiano/ordenes-compra/141489
A6: 2025 | B6: 141492 | C6: ANT-20252452 | D6: 20 OTROS | E6: AMP | F6: ORDEN DE COMPRA | G6: ASECOLBAS LTDA | H6: Contratar el servicio integral de Aseo y cafetería para las sedes de la AGENCIANACIONAL DE TIERRAS - ANT a Nivel Nacional | I6: SUBDIRECCIÓN ADMINISTRATIVA Y FINANCIERA | J6: 123746714 | K6: =+J6 -> 123746714 | L6: 45695 | M6: 45706 | N6: 45907 | P6: 123746714 | Q6: 57307871 | R6: =IF('DIFERENTES DE CPS'!$M14="SIN INICIO",0,IF((((TODAY()-M6)*100%)/(N6-M6))>=100%,"100%",(((TODAY()-M6)*100%)/(N6-M6)))) -> 100% | S6: =+'DIFERENTES DE CPS'!$P14-'DIFERENTES DE CPS'!$Q14 -> 39679822 | T6: https://www.colombiacompra.gov.co/tienda-virtual-del-estado-colombiano/ordenes-compra/141492
A7: 2025 | B7: 141505 | C7: ANT-20252481 | D7: 20 OTROS | E7: AMP | F7: ORDEN DE COMPRA | G7: ASECOLBAS LTDA | H7: Contratar el servicio integral de Aseo y cafetería para las sedes de la AGENCIANACIONAL DE TIERRAS - ANT a Nivel Nacional | I7: SUBDIRECCIÓN ADMINISTRATIVA Y FINANCIERA | J7: 74096173 | K7: =+J7 -> 74096173 | L7: 45696 | M7: 45713 | N7: 45907 | P7: 74096173 | Q7: 14787072 | R7: =IF('DIFERENTES DE CPS'!$M16="SIN INICIO",0,IF((((TODAY()-M7)*100%)/(N7-M7))>=100%,"100%",(((TODAY()-M7)*100%)/(N7-M7)))) -> 100% | S7: =+'DIFERENTES DE CPS'!$P16-'DIFERENTES DE CPS'!$Q16 -> 48860618 | T7: https://www.colombiacompra.gov.co/tienda-virtual-del-estado-colombiano/ordenes-compra/141505
A8: 2025 | B8: 141558 | C8: ANT-20252620 | D8: 20 OTROS | E8: AMP | F8: ORDEN DE COMPRA | G8: ASECOLBAS LTDA | H8: Contratar el servicio integral de Aseo y cafetería para las sedes de la AGENCIA NACIONAL DE TIERRAS - ANT a Nivel Nacional | I8: SUBDIRECCIÓN ADMINISTRATIVA Y FINANCIERA | J8: 78019015 | K8: =+J8 -> 78019015 | L8: 45698 | M8: 45713 | N8: 45907 | P8: 78019015 | Q8: 39366402 | R8: =IF('DIFERENTES DE CPS'!$M17="SIN INICIO",0,IF((((TODAY()-M8)*100%)/(N8-M8))>=100%,"100%",(((TODAY()-M8)*100%)/(N8-M8)))) -> 100% | S8: =+'DIFERENTES DE CPS'!$P17-'DIFERENTES DE CPS'!$Q17 -> 51350125 | T8: https://www.colombiacompra.gov.co/tienda-virtual-del-estado-colombiano/ordenes-compra/141558
A9: 2025 | B9: 141562 | C9: ANT-20252694 | D9: 20 OTROS | E9: AMP | F9: ORDEN DE COMPRA | G9: ASECOLBAS LTDA | H9: Contratar el servicio integral de Aseo y cafetería para las sedes de la AGENCIA NACIONAL DE TIERRAS - ANT a Nivel Nacional | I9: SUBDIRECCIÓN ADMINISTRATIVA Y FINANCIERA | J9: 66266539 | K9: =+J9 -> 66266539 | L9: 45699 | M9: 45712 | N9: 45907 | P9: 66266539 | Q9: 21066604 | R9: =IF('DIFERENTES DE CPS'!$M19="SIN INICIO",0,IF((((TODAY()-M9)*100%)/(N9-M9))>=100%,"100%",(((TODAY()-M9)*100%)/(N9-M9)))) -> 100% | S9: =+'DIFERENTES DE CPS'!$P19-'DIFERENTES DE CPS'!$Q19 -> 2400050000 | T9: https://www.colombiacompra.gov.co/tienda-virtual-del-estado-colombiano/ordenes-compra/141562
A10: 2025 | B10: 141566 | C10: ANT-20252699 | D10: 20 OTROS | E10: AMP | F10: ORDEN DE COMPRA | G10: ASECOLBAS LTDA | H10: Contratar el servicio integral de Aseo y cafetería para las sedes de la AGENCIA NACIONAL DE TIERRAS - ANT a Nivel Nacional SEDE MITU | I10: SUBDIRECCIÓN ADMINISTRATIVA Y FINANCIERA | J10: 67144245 | K10: =+J10 -> 67144245 | L10: 45699 | M10: 45699 | N10: 45907 | P10: 67144245 | Q10: 31556037 | R10: =IF('DIFERENTES DE CPS'!$M21="SIN INICIO",0,IF((((TODAY()-M10)*100%)/(N10-M10))>=100%,"100%",(((TODAY()-M10)*100%)/(N10-M10)))) -> 100% | S10: =+'DIFERENTES DE CPS'!$P21-'DIFERENTES DE CPS'!$Q21 -> 341807292 | T10: https://www.colombiacompra.gov.co/tienda-virtual-del-estado-colombiano/ordenes-compra/141566
A11: 2025 | B11: 141563 | C11: ANT-20252701 | D11: 20 OTROS | E11: AMP | F11: ORDEN DE COMPRA | G11: ASECOLBAS LTDA | H11: Contratar el servicio integral de Aseo y cafetería para las sedes de la AGENCIA NACIONAL DE TIERRAS - ANT a Nivel Nacional | I11: SUBDIRECCIÓN ADMINISTRATIVA Y FINANCIERA | J11: 73290978 | K11: =+J11 -> 73290978 | L11: 45699 | M11: 45709 | N11: 45907 | P11: 73290978 | Q11: 30913296 | R11: =IF('DIFERENTES DE CPS'!$M22="SIN INICIO",0,IF((((TODAY()-M11)*100%)/(N11-M11))>=100%,"100%",(((TODAY()-M11)*100%)/(N11-M11)))) -> 100% | S11: =+'DIFERENTES DE CPS'!$P22-'DIFERENTES DE CPS'!$Q22 -> 1.5455244e+09 | T11: https://www.colombiacompra.gov.co/tienda-virtual-del-estado-colombiano/ordenes-compra/141563
A12: 2025 | B12: 141661 | C12: ANT-20252737 | D12: 20 OTROS | E12: AMP | F12: ORDEN DE COMPRA | G12: ASECOLBAS LTDA | H12: Contratar el servicio integral de Aseo y cafetería para las sedes de la AGENCIA NACIONAL DE TIERRAS - ANT a Nivel Nacional SEDE PASTO | I12: SUBDIRECCIÓN ADMINISTRATIVA Y FINANCIERA | J12: 81379006 | K12: =+J12 -> 81379006 | L12: 45699 | M12: 45709 | N12: 45907 | P12: 81379006 | Q12: 34210210 | R12: =IF('DIFERENTES DE CPS'!$M23="SIN INICIO",0,IF((((TODAY()-M12)*100%)/(N12-M12))>=100%,"100%",(((TODAY()-M12)*100%)/(N12-M12)))) -> 100% | S12: =+'DIFERENTES DE CPS'!$P23-'DIFERENTES DE CPS'!$Q23 -> 0 | T12: https://www.colombiacompra.gov.co/tienda-virtual-del-estado-colombiano/ordenes-compra/ 141661
A13: 2025 | B13: 141664 | C13: ANT-20252738 | D13: 20 OTROS | E13: AMP | F13: ORDEN DE COMPRA | G13: ASECOLBAS LTDA | H13: Contratar el servicio integral de Aseo y cafetería para las sedes de la AGENCIA NACIONAL DE TIERRAS - ANT a Nivel Nacional SEDE FLORENCIA | I13: SUBDIRECCIÓN ADMINISTRATIVA Y FINANCIERA | J13: 105445763 | K13: =+J13 -> 105445763 | L13: 45699 | M13: 45709 | N13: 45907 | P13: 105445763 | Q13: 55099505 | R13: =IF('DIFERENTES DE CPS'!$M24="SIN INICIO",0,IF((((TODAY()-M13)*100%)/(N13-M13))>=100%,"100%",(((TODAY()-M13)*100%)/(N13-M13)))) -> 100% | S13: =+'DIFERENTES DE CPS'!$P24-'DIFERENTES DE CPS'!$Q24 -> 342594117 | T13: https://www.colombiacompra.gov.co/tienda-virtual-del-estado-colombiano/ordenes-compra/141664
A14: 2025 | B14: 141658 | C14: ANT-20252742 | D14: 20 OTROS | E14: AMP | F14: ORDEN DE COMPRA | G14: ASECOLBAS LTDA | H14: Contratar el servicio integral de Aseo y cafetería para las sedes de la AGENCIA NACIONAL DE TIERRAS - ANT a Nivel Nacional SEDE IBAGUE | I14: SUBDIRECCIÓN ADMINISTRATIVA Y FINANCIERA | J14: 82020468 | K14: =+J14 -> 82020468 | L14: 45699 | M14: 45709 | N14: 45907 | P14: 82020468 | Q14: 42340646 | R14: =IF('DIFERENTES DE CPS'!$M25="SIN INICIO",0,IF((((TODAY()-M14)*100%)/(N14-M14))>=100%,"100%",(((TODAY()-M14)*100%)/(N14-M14)))) -> 100% | S14: =+'DIFERENTES DE CPS'!$P25-'DIFERENTES DE CPS'!$Q25 -> 13324300000 | T14: https://www.colombiacompra.gov.co/tienda-virtual-del-estado-colombiano/ordenes-compra/141658
A15: 2025 | B15: 141663 | C15: ANT-20252744 | D15: 20 OTROS | E15: AMP | F15: ORDEN DE COMPRA | G15: ASECOLBAS LTDA | H15: Contratar el servicio integral de Aseo y cafetería para las sedes de la AGENCIA NACIONAL DE TIERRAS - ANT a Nivel Nacional SEDE TUNJA | I15: SUBDIRECCIÓN ADMINISTRATIVA Y FINANCIERA | J15: 83739214 | K15: =+J15 -> 83739214 | L15: 45699 | M15: 45709 | N15: 45907 | P15: 83739214 | Q15: 17755307 | R15: =IF('DIFERENTES DE CPS'!$M27="SIN INICIO",0,IF((((TODAY()-M15)*100%)/(N15-M15))>=100%,"100%",(((TODAY()-M15)*100%)/(N15-M15)))) -> 100% | S15: =+'DIFERENTES DE CPS'!$P27-'DIFERENTES DE CPS'!$Q27 -> 80233099 | T15: https://www.colombiacompra.gov.co/tienda-virtual-del-estado-colombiano/ordenes-compra/141663
A16: 2025 | B16: 141662 | C16: ANT-20252745 | D16: 20 OTROS | E16: AMP | F16: ORDEN DE COMPRA | G16: ASECOLBAS LTDA | H16: Contratar el servicio integral de Aseo y cafetería para las sedes de la AGENCIA NACIONAL DE TIERRAS - ANT a Nivel Nacional SEDE MOCOA | I16: SUBDIRECCIÓN ADMINISTRATIVA Y FINANCIERA | J16: 85284386 | K16: =+J16 -> 85284386 | L16: 45699 | M16: 45709 | N16: 45907 | P16: 85284386 | Q16: 36423768 | R16: =IF('DIFERENTES DE CPS'!$M28="SIN INICIO",0,IF((((TODAY()-M16)*100%)/(N16-M16))>=100%,"100%",(((TODAY()-M16)*100%)/(N16-M16)))) -> 100% | S16: =+'DIFERENTES DE CPS'!$P28-'DIFERENTES DE CPS'!$Q28 -> 176502071 | T16: https://www.colombiacompra.gov.co/tienda-virtual-del-estado-colombiano/ordenes-compra/141662
A17: 2025 | B17: 234760 | C17: ANT-20252786 | D17: 20 OTROS | E17: AMP | F17: ORDEN DE COMPRA | G17: ASECOLBAS LTDA | H17: Contratar el servicio integral de Aseo y cafetería para las sedes de la AGENCIA NACIONAL DE TIERRAS - ANT a Nivel Nacional SEDE VALLEDUPAR | I17: SUBDIRECCIÓN ADMINISTRATIVA Y FINANCIERA | J17: 88276517 | K17: =+J17 -> 88276517 | L17: 45700 | M17: 45709 | N17: 45907 | P17: 88276517 | Q17: 36926392 | R17: =IF('DIFERENTES DE CPS'!$M30="SIN INICIO",0,IF((((TODAY()-M17)*100%)/(N17-M17))>=100%,"100%",(((TODAY()-M17)*100%)/(N17-M17)))) -> 100% | S17: =+'DIFERENTES DE CPS'!$P30-'DIFERENTES DE CPS'!$Q30 -> 46250962 | T17: https://www.colombiacompra.gov.co/tienda-virtual-del-estado-colombiano/ordenes-compra/234760
A18: 2025 | B18: ANT-20255702 | C18: ANT-20255702 | D18: 20 OTROS | E18: CD | F18: CONVENIO DE ASOCIACIÓN | G18: ASOCIACION DE AUTORIDADES ARHUACAS DE LA SIERRA NEVADA – ASOCIT | H18: Aunar esfuerzos entre la Agencia Nacional de Tierras -ANT y la Asociación de Autoridades Arhuacas de la Sierra Nevada - ASO-CIT, con el objeto de coordinar, organizar y garantizar el desarrollo de los espacios de concertación y fortalecimiento de la Comisión Nacional de Territorios Indígenas. | I18: DIRECCIÓN DE ASUNTOS ÉTNICOS | J18: 2443350000 | K18: =+J18 -> 2443350000 | L18: 45763 | M18: 45775 | N18: 45991 | P18: 2443350000 | Q18: 1477700000 | R18: =IF('DIFERENTES DE CPS'!$M50="SIN INICIO",0,IF((((TODAY()-M18)*100%)/(N18-M18))>=100%,"100%",(((TODAY()-M18)*100%)/(N18-M18)))) -> 0.90740741 | S18: =+'DIFERENTES DE CPS'!$P50-'DIFERENTES DE CPS'!$Q50 -> 899566667 | T18: https://community.secop.gov.co/Public/Tendering/OpportunityDetail/Index?noticeUID=CO1.NTC.8011842&isFromPublicArea=True&isModal=False
A19: 2025 | B19: ANT-20257393 | C19: ANT-20257393 | D19: 20 OTROS | E19: CD | F19: CONVENIO INTERADMINISTRATIVO | G19: ASOCIACIÓN DE AUTORIDADES TRADICIONALES DEL PUEBLO BARI – ÑATUBAIYIBARI | H19: Aunar esfuerzos técnicos, administrativos y financieros entre la Agencia Nacional de Tierras -ANT y la Asociación De Autoridades Tradicionales Del Pueblo Bari Ñatubaiyibari, con el objeto de contribuir al fortalecimiento de la autonomía y Gobierno propio del Resguardo Indígena Motilón Barí, para la gestión de la formalización y regularización de sus derechos étnico-territoriales | I19: DIRECCIÓN DE ASUNTOS ÉTNICOS | J19: 2400050000 | K19: =+J19 -> 2400050000 | L19: 45853 | M19: 45854 | N19: 45976 | P19: 2400050000 | Q19: 0 | R19: =IF('DIFERENTES DE CPS'!$M63="SIN INICIO",0,IF((((TODAY()-M19)*100%)/(N19-M19))>=100%,"100%",(((TODAY()-M19)*100%)/(N19-M19)))) -> 0.95901639 | S19: =+'DIFERENTES DE CPS'!$P63-'DIFERENTES DE CPS'!$Q63 -> 31900000 | T19: https://community.secop.gov.co/Public/Tendering/OpportunityDetail/Index?noticeUID=CO1.NTC.8435944&isFromPublicArea=True&isModal=true&asPopupView=true
A20: 2025 | B20: ANT-RE-002-2025 | C20: ANT-202510168 | D20: 20 OTROS | E20: RE | F20: CONVENIO DE ASOCIACIÓN | G20: ASOCIACION DE PRODUCTORES DEL PUEBLO ARHUACO DE LA SIERRA NEVADA DE SANTA MARTA (ASOARHUACO) | H20: Aunar esfuerzos técnicos y jurídicos que permitan el fortalecimiento de las actividades para el levantamiento de información necesaria en el marco del procedimiento de formalización de los derechos étnico-territoriales colectivos de la comunidad del Resguardo indígena Arhuaco de la Sierra, de conformidad con la normativa vigente y los lineamientos institucionales de la ANT. | I20: DIRECCIÓN DE ASUNTOS ÉTNICOS | J20: 1070176161 | K20: =+J20 -> 1070176161 | L20: 45919 | M20: SIN INICIO | N20: 46022 | P20: 1070176161 | Q20: 0 | R20: =IF('DIFERENTES DE CPS'!$M77="SIN INICIO",0,IF((((TODAY()-M20)*100%)/(N20-M20))>=100%,"100%",(((TODAY()-M20)*100%)/(N20-M20)))) -> 0 | S20: =+'DIFERENTES DE CPS'!$P77-'DIFERENTES DE CPS'!$Q77 -> 580104480 | T20: https://community.secop.gov.co/Public/Tendering/OpportunityDetail/Index?noticeUID=CO1.NTC.8810124&isFromPublicArea=True&isModal=true&asPopupView=true
A21: 2025 | B21: ANT-20254238 | C21: ANT-20254238 | D21: 20 OTROS | E21: CD | F21: PROFESIONALES | G21: BIOCONSTRUCTOR S.A.S. | H21: PRESTACIÓN DE SERVICIOS DE APOYO A LA GESTIÓN PARA LA REALIZACIÓN DE LEVANTAMIENTOS TOPOGRÁFICOS DE LAS UNIDADES PREDIALES A NIVEL NACIONAL DETERMINADAS POR LA DIRECCIÓN DE ACCESO A TIERRAS EN EL MARCO DE LA REFORMA RURAL INTEGRAL | I21: DIRECCIÓN DE ACCESO A TIERRAS | J21: 500000000 | K21: =+J21 -> 500000000 | L21: 45722 | M21: 45726 | N21: 45991 | P21: 500000000 | Q21: 158192708 | R21: =IF('DIFERENTES DE CPS'!$M40="SIN INICIO",0,IF((((TODAY()-M21)*100%)/(N21-M21))>=100%,"100%",(((TODAY()-M21)*100%)/(N21-M21)))) -> 0.9245283 | S21: =+'DIFERENTES DE CPS'!$P40-'DIFERENTES DE CPS'!$Q40 -> 5.9981429e+09 | T21: https://community.secop.gov.co/Public/Tendering/OpportunityDetail/Index?noticeUID=CO1.NTC.7776647&isFromPublicArea=True&isModal=true&asPopupView=true
A22: 2025 | B22: 144288 | C22: ANT-20255127 | D22: 20 OTROS | E22: AMP | F22: ORDEN DE COMPRA | G22: BPM CONSULTING SAS | H22: Contratar la prestación de servicios de BPO al amparo del Acuerdo Marco de Precios para contratar servicios BPO III (Business Process Outsourcing) CCE-SNG-AMP-005-2024, #PROCESO CCENEG-079-01-024, publicado el 11 de febrero del 2025, vigente hasta el 11 de febrero del 2028 en su componente de lote No. 1 | I22: SECRETARÍA GENERAL | J22: 3939999999 | K22: =+J22 -> 3939999999 | L22: 45748 | M22: 45748 | N22: 45925 | P22: 3939999999 | Q22: 2.3944756e+09 | R22: =IF('DIFERENTES DE CPS'!$M46="SIN INICIO",0,IF((((TODAY()-M22)*100%)/(N22-M22))>=100%,"100%",(((TODAY()-M22)*100%)/(N22-M22)))) -> 100% | S22: =+'DIFERENTES DE CPS'!$P46-'DIFERENTES DE CPS'!$Q46 -> 23531700 | T22: https://www.colombiacompra.gov.co/tienda-virtual-del-estado-colombiano/ordenes-compra/144288
A23: 2025 | B23: ANT-MC-004-2025 | C23: ANT-20256007 | D23: 20 OTROS | E23: MC | F23: CONTRATO DE COMPRAVENTA | G23: C&S TECNOLOGIA SAS BIC | H23: ADQUISICIÓN DE LICENCIAMIENTO EN MODALIDAD DE SUSCRIPCIÓN DE ADOBE ACROBAT PRO Y CREATIVE CLOUD FOR TEAMS PARA LA AGENCIA NACIONAL DE TIERRAS | I23: SECRETARÍA GENERAL | J23: 42680000 | K23: =+J23 -> 42680000 | L23: 45782 | M23: 45782 | N23: 45930 | P23: 42680000 | Q23: 42680000 | R23: =IF('DIFERENTES DE CPS'!$M53="SIN INICIO",0,IF((((TODAY()-M23)*100%)/(N23-M23))>=100%,"100%",(((TODAY()-M23)*100%)/(N23-M23)))) -> 0 | S23: =+'DIFERENTES DE CPS'!$P53-'DIFERENTES DE CPS'!$Q53 -> 0 | T23: https://community.secop.gov.co/Public/Tendering/OpportunityDetail/Index?noticeUID=CO1.NTC.8020315&isFromPublicArea=True&isModal=true&asPopupView=true
A24: 2025 | B24: ANT-20255092 | C24: ANT-20255092 | D24: 20 OTROS | E24: CD | F24: PRESTACIÓN DE SERVICIOS | G24: CAJA DE COMPENSACIÓN FAMILIAR COMPENSAR | H24: Prestar los servicios de apoyo a la gestión para el desarrollo de las actividades del Plan de Bienestar Social e Incentivos Institucionales 2025 para los servidores de la Agencia Nacional de Tierras y sus familias. | I24: SUBDIRECCIÓN DE TALENTO HUMANO | J24: 398428617 | K24: =+J24 -> 398428617 | L24: 45756 | M24: 45762 | N24: 46010 | P24: 398428617 | Q24: 55834500 | R24: =IF('DIFERENTES DE CPS'!$M45="SIN INICIO",0,IF((((TODAY()-M24)*100%)/(N24-M24))>=100%,"100%",(((TODAY()-M24)*100%)/(N24-M24)))) -> 0.84274194 | S24: =+'DIFERENTES DE CPS'!$P45-'DIFERENTES DE CPS'!$Q45 -> 54282878 | T24: https://community.secop.gov.co/Public/Tendering/OpportunityDetail/Index?noticeUID=CO1.NTC.7921273&isFromPublicArea=True&isModal=true&asPopupView=true
A25: 2025 | B25: ANT-20256042 | C25: ANT-20256042 | D25: 20 OTROS | E25: CD | F25: CONTRATO INTERADMINISTRATIVO | G25: CANAL REGIONAL DE TELEVISIÓN TEVEANDINA S.A.S. | H25: Prestar servicios de divulgación en medios masivos, comunitarios o alternativos de comunicación con el fin de dar a conocer la oferta institucional en el marco de la Reforma Agraria y posicionar la imagen de la Agencia Nacional de Tierras en todo el territorio nacional | I25: DIRECCIÓN DE GESTIÓN JURÍDICA DE TIERRAS | J25: 13324300000 | K25: =+J25 -> 13324300000 | L25: 45785 | M25: 45790 | N25: 46006 | P25: 13324300000 | Q25: 0 | R25: =IF('DIFERENTES DE CPS'!$M54="SIN INICIO",0,IF((((TODAY()-M25)*100%)/(N25-M25))>=100%,"100%",(((TODAY()-M25)*100%)/(N25-M25)))) -> 0 | S25: =+'DIFERENTES DE CPS'!$P54-'DIFERENTES DE CPS'!$Q54 -> 1288377728 | T25: https://community.secop.gov.co/Public/Tendering/OpportunityDetail/Index?noticeUID=CO1.NTC.8101018&isFromPublicArea=True&isModal=true&asPopupView=true
A26: 2025 | B26: ANT-20257102 | C26: ANT-20257102 | D26: 20 OTROS | E26: CD | F26: CONTRATO INTERADMINISTRATIVO | G26: CANAL REGIONAL DE TELEVISIÓN TEVEANDINA S.A.S. | H26: Contratar la prestación de servicios para la gestión, organización y desarrollo de los eventos requeridos por la Agencia Nacional de Tierras conducentes a la materialización de la reforma agraria y desarrollo rural, así como apoyar los demás procesos logísticos requeridos para el ejercicio de las actividades misionales de sus dependencias. | I26: DIRECCIÓN DE GESTIÓN DEL ORDENAMIENTO SOCIAL DE LA PROPIEDAD | J26: 17003000000 | K26: =+J26 -> 17003000000 | L26: 45846 | M26: 45848 | N26: 46022 | P26: 17003000000 | Q26: 3.5683785e+09 | R26: =IF('DIFERENTES DE CPS'!$M62="SIN INICIO",0,IF((((TODAY()-M26)*100%)/(N26-M26))>=100%,"100%",(((TODAY()-M26)*100%)/(N26-M26)))) -> 0.70689655 | S26: =+'DIFERENTES DE CPS'!$P62-'DIFERENTES DE CPS'!$Q62 -> 8384541.7 | T26: https://community.secop.gov.co/Public/Tendering/OpportunityDetail/Index?noticeUID=CO1.NTC.8396756&isFromPublicArea=True&isModal=true&asPopupView=true
A27: 2025 | B27: ANT-MC-005-2025 | C27: ANT-20257503 | D27: 20 OTROS | E27: MC | F27: PRESTACIÓN DE SERVICIOS | G27: CENTRO CAR 19 | H27: PRESTAR EL SERVICIO DE MANTENIMIENTO PREVENTIVO Y CORRECTIVO, A LOS VEHÍCULOS DEL PARQUE AUTOMOTOR DE LA AGENCIA NACIONAL DE TIERRAS, INCLUYENDO MANO DE OBRA Y EL SUMINISTRO DE TODOS LOS REPUESTOS NUEVOS ORIGINALES U HOMOLOGADOS, REQUERIDOS DE CONFORMIDAD CON LAS ESPECIFICACIONES CONTEMPLADAS | I27: SUBDIRECCIÓN ADMINISTRATIVA Y FINANCIERA | J27: 90000000 | K27: =+J27 -> 90000000 | L27: 45855 | M27: 45859 | N27: 46011 | P27: 90000000 | Q27: 9766901 | R27: =IF('DIFERENTES DE CPS'!$M66="SIN INICIO",0,IF((((TODAY()-M27)*100%)/(N27-M27))>=100%,"100%",(((TODAY()-M27)*100%)/(N27-M27)))) -> 0.73684211 | S27: =+'DIFERENTES DE CPS'!$P66-'DIFERENTES DE CPS'!$Q66 -> 43617522 | T27: https://community.secop.gov.co/Public/Tendering/OpportunityDetail/Index?noticeUID=CO1.NTC.8399877&isFromPublicArea=True&isModal=true&asPopupView=true
A28: 2025 | B28: ANT-20254656 | C28: ANT-20254656 | D28: 20 OTROS | E28: CD | F28: CONTRATO DE COMPRAVENTA | G28: CERTICAMARAS S.A. | H28: ADQUISICION Y ACTUALIZACION DE I) LOS CERTIFICADOS MPKI-WILDCARD, II) CERTIFICADOS DE FIRMA DIGITAL, III)TOKEN/TOKEN VIRTUAL Y CERTIFICADO DE ESTAMPADO CRONOLOGICO Y IV) EL LICENCIAMIENTO WSSING CON EL RESPECTIVO SOPORTE, PARA LA INFRAESTRUCTURA TECNOLÒGICA DE LA AGENCIA NACIONAL DE TIERRAS | I28: SECRETARÍA GENERAL | J28: 176502071 | K28: =+J28 -> 176502071 | L28: 45733 | M28: 45733 | N28: 45991 | P28: 176502071 | Q28: 0 | R28: =IF('DIFERENTES DE CPS'!$M42="SIN INICIO",0,IF((((TODAY()-M28)*100%)/(N28-M28))>=100%,"100%",(((TODAY()-M28)*100%)/(N28-M28)))) -> 0 | S28: =+'DIFERENTES DE CPS'!$P42-'DIFERENTES DE CPS'!$Q42 -> 93400000 | T28: https://community.secop.gov.co/Public/Tendering/OpportunityDetail/Index?noticeUID=CO1.NTC.7842185&isFromPublicArea=True&isModal=true&asPopupView=true
A29: 2025 | B29: 144287 | C29: ANT-20255128 | D29: 20 OTROS | E29: AMP | F29: ORDEN DE COMPRA | G29: COMPUTEL SYSTEM SAS | H29: Alquiler de escáner para el fortalecimiento y mejoramiento tecnológico en los distintos procesos misionales a cargo de la Agencia Nacional de Tierras | I29: SECRETARÍA GENERAL - SOPORTE TECNOLÓGICO | J29: 198515800 | K29: =+J29 -> 198515800 | L29: 45748 | M29: 45748 | N29: 45961 | P29: 198515800 | Q29: 0 | R29: =IF('DIFERENTES DE CPS'!$M47="SIN INICIO",0,IF((((TODAY()-M29)*100%)/(N29-M29))>=100%,"100%",(((TODAY()-M29)*100%)/(N29-M29)))) -> 100% | S29: =+'DIFERENTES DE CPS'!$P47-'DIFERENTES DE CPS'!$Q47 -> 59773216 | T29: https://www.colombiacompra.gov.co/tienda-virtual-del-estado-colombiano/ordenes-compra/144287
A30: 2025 | B30: 141504 | C30: ANT-20252480 | D30: 20 OTROS | E30: AMP | F30: ORDEN DE COMPRA | G30: CONSERJES INMOBILIARIOS LTD | H30: Contratar el servicio integral de Aseo y cafetería para las sedes de la AGENCIANACIONAL DE TIERRAS - ANT a Nivel Nacional | I30: SUBDIRECCIÓN ADMINISTRATIVA Y FINANCIERA | J30: 84424524 | K30: =+J30 -> 84424524 | L30: 45696 | M30: 45707 | N30: 45907 | P30: 84424524 | Q30: 38173562 | R30: =IF('DIFERENTES DE CPS'!$M15="SIN INICIO",0,IF((((TODAY()-M30)*100%)/(N30-M30))>=100%,"100%",(((TODAY()-M30)*100%)/(N30-M30)))) -> 100% | S30: =+'DIFERENTES DE CPS'!$P15-'DIFERENTES DE CPS'!$Q15 -> 65983907 | T30: https://www.colombiacompra.gov.co/tienda-virtual-del-estado-colombiano/ordenes-compra/141504
A31: 2025 | B31: 141567 | C31: ANT-20252667 | D31: 20 OTROS | E31: AMP | F31: ORDEN DE COMPRA | G31: CONSERJES INMOBILIARIOS LTD | H31: Contratar el servicio integral de Aseo y cafetería para las sedes de la AGENCIA NACIONAL DE TIERRAS - ANT a Nivel Nacional | I31: SUBDIRECCIÓN ADMINISTRATIVA Y FINANCIERA | J31: 77827731 | K31: =+J31 -> 77827731 | L31: 45698 | M31: 45706 | N31: 45907 | P31: 77827731 | Q31: 27938121 | R31: =IF('DIFERENTES DE CPS'!$M18="SIN INICIO",0,IF((((TODAY()-M31)*100%)/(N31-M31))>=100%,"100%",(((TODAY()-M31)*100%)/(N31-M31)))) -> 100% | S31: =+'DIFERENTES DE CPS'!$P18-'DIFERENTES DE CPS'!$Q18 -> 965650000 | T31: https://www.colombiacompra.gov.co/tienda-virtual-del-estado-colombiano/ordenes-compra/141567
A32: 2025 | B32: 141565 | C32: ANT-20252698 | D32: 20 OTROS | E32: AMP | F32: ORDEN DE COMPRA | G32: CONSERJES INMOBILIARIOS LTD | H32: Contratar el servicio integral de Aseo y cafetería para las sedes de la AGENCIA NACIONAL DE TIERRAS - ANT a Nivel Nacional | I32: SUBDIRECCIÓN ADMINISTRATIVA Y FINANCIERA | J32: 74488154 | K32: =+J32 -> 74488154 | L32: 45699 | M32: 45706 | N32: 45907 | P32: 74488154 | Q32: 17030760 | R32: =IF('DIFERENTES DE CPS'!$M20="SIN INICIO",0,IF((((TODAY()-M32)*100%)/(N32-M32))>=100%,"100%",(((TODAY()-M32)*100%)/(N32-M32)))) -> 0 | S32: =+'DIFERENTES DE CPS'!$P20-'DIFERENTES DE CPS'!$Q20 -> 1070176161 | T32: https://www.colombiacompra.gov.co/tienda-virtual-del-estado-colombiano/ordenes-compra/141565
A33: 2025 | B33: 141665 | C33: ANT-20252746 | D33: 20 OTROS | E33: AMP | F33: ORDEN DE COMPRA | G33: CONSERJES INMOBILIARIOS LTD | H33: Contratar el servicio integral de Aseo y cafetería para las sedes de la AGENCIA NACIONAL DE TIERRAS - ANT a Nivel Nacional SEDE ARAUCA | I33: SUBDIRECCIÓN ADMINISTRATIVA Y FINANCIERA | J33: 85822041 | K33: =+J33 -> 85822041 | L33: 45699 | M33: 45706 | N33: 45907 | P33: 85822041 | Q33: 39398600 | R33: =IF('DIFERENTES DE CPS'!$M29="SIN INICIO",0,IF((((TODAY()-M33)*100%)/(N33-M33))>=100%,"100%",(((TODAY()-M33)*100%)/(N33-M33)))) -> 100% | S33: =+'DIFERENTES DE CPS'!$P29-'DIFERENTES DE CPS'!$Q29 -> 198515800 | T33: https://www.colombiacompra.gov.co/tienda-virtual-del-estado-colombiano/ordenes-compra/141665
A34: 2025 | B34: 141758 | C34: ANT-20253015 | D34: 20 OTROS | E34: AMP | F34: ORDEN DE COMPRA | G34: CONSERJES INMOBILIARIOS LTD | H34: Contratar el servicio integral de Aseo y cafetería para las sedes de la AGENCIA NACIONAL DE TIERRAS - ANT a Nivel Nacional SEDE QUIBDO | I34: SUBDIRECCIÓN ADMINISTRATIVA Y FINANCIERA | J34: 59209271 | K34: =+J34 -> 59209271 | L34: 45701 | M34: 45707 | N34: 45907 | P34: 59209271 | Q34: 17778400 | R34: =IF('DIFERENTES DE CPS'!$M36="SIN INICIO",0,IF((((TODAY()-M34)*100%)/(N34-M34))>=100%,"100%",(((TODAY()-M34)*100%)/(N34-M34)))) -> 100% | S34: =+'DIFERENTES DE CPS'!$P36-'DIFERENTES DE CPS'!$Q36 -> 2.8111425e+08 | T34: https://www.colombiacompra.gov.co/tienda-virtual-del-estado-colombiano/ordenes-compra/141758
A35: 2025 | B35: 146196 | C35: ANT-20256332 | D35: 20 OTROS | E35: AMP | F35: ORDEN DE COMPRA | G35: CONSORCIO IAD DINAMICO SOFTWAREONE | H35: Adquisición del licenciamiento Microsoft 365, SQL Server y extensión de los servicios de Software Assurance para SQL Server y Windows Server para la continuidad y fortalecimiento de la capacidad tecnológica en los distintos procesos misionales a cargo de la Agencia Nacional de Tierras | I35: SECRETARÍA GENERAL | J35: 1314235147 | K35: =+J35 -> 1314235147 | L35: 45792 | M35: 45792 | N35: 45961 | P35: 1314235147 | Q35: 1314235147 | R35: =IF('DIFERENTES DE CPS'!$M55="SIN INICIO",0,IF((((TODAY()-M35)*100%)/(N35-M35))>=100%,"100%",(((TODAY()-M35)*100%)/(N35-M35)))) -> 100% | S35: =+'DIFERENTES DE CPS'!$P55-'DIFERENTES DE CPS'!$Q55 -> 5493019467 | T35: https://www.colombiacompra.gov.co/tienda-virtual-del-estado-colombiano/ordenes-compra/146196
A36: 2025 | B36: 140660 | C36: ANT-20250041 | D36: 20 OTROS | E36: AMP | F36: ORDEN DE COMPRA | G36: CONSORCIO KIOS | H36: Contratar el servicio integral de Aseo y cafetería para las sedes de la AGENCIA NACIONAL DE TIERRAS - ANT a Nivel Nacional. -Sede Bogotá | I36: SUBDIRECCIÓN ADMINISTRATIVA Y FINANCIERA | J36: 1.1986953e+09 | K36: =+J36 -> 1.1986953e+09 | L36: 45665 | M36: 45666 | N36: 45900 | P36: 1.1986953e+09 | Q36: 9.1758108e+08 | R36: =IF('DIFERENTES DE CPS'!$M2="SIN INICIO",0,IF((((TODAY()-M36)*100%)/(N36-M36))>=100%,"100%",(((TODAY()-M36)*100%)/(N36-M36)))) -> 100% | S36: =+'DIFERENTES DE CPS'!$P2-'DIFERENTES DE CPS'!$Q2 -> 198517500 | T36: https://www.colombiacompra.gov.co/tienda-virtual-del-estado-colombiano/ordenes-compra/140660
A37: 2025 | B37: ANT-SASIE-002-2025 | C37: ANT-20257063 | D37: 20 OTROS | E37: SASIE | F37: PRESTACIÓN DE SERVICIOS | G37: CONSORCIO SAS | H37: PRESTAR EL SERVICIO DE TRANSPORTE PÚBLICO TERRESTRE AUTOMOTOR ESPECIAL CON CONDUCTOR, DISPONIBILIDAD 7 X 24, PARA TRANSPORTE DE PERSONAL, CON MATERIAL Y EQUIPOS A NIVEL NACIONAL. | I37: SUBDIRECCIÓN ADMINISTRATIVA Y FINANCIERA | J37: 7301310818 | K37: =+J37 -> 7301310818 | L37: 45842 | M37: 45849 | N37: 46021 | P37: 7301310818 | Q37: 1138379427 | R37: =IF('DIFERENTES DE CPS'!$M61="SIN INICIO",0,IF((((TODAY()-M37)*100%)/(N37-M37))>=100%,"100%",(((TODAY()-M37)*100%)/(N37-M37)))) -> 0.70930233 | S37: =+'DIFERENTES DE CPS'!$P61-'DIFERENTES DE CPS'!$Q61 -> 5460000000 | T37: https://community.secop.gov.co/Public/Tendering/OpportunityDetail/Index?noticeUID=CO1.NTC.8257909&isFromPublicArea=True&isModal=true&asPopupView=true
A38: 2025 | B38: ANT-MC-002-2025 | C38: ANT-20253593 | D38: 20 OTROS | E38: MC | F38: CONTRATO DE SUMINISTRO | G38: DISTRACOM S.A. | H38: Suministrar combustible en la ciudad de Bogotá D.C. para los vehículos de propiedad de la Agencia Nacional de Tierras y la planta eléctrica. | I38: SUBDIRECCIÓN ADMINISTRATIVA Y FINANCIERA | J38: 38000000 | K38: =+J38 -> 38000000 | L38: 45716 | M38: 45720 | N38: 46022 | P38: 38000000 | Q38: 7919252.8 | R38: =IF('DIFERENTES DE CPS'!$M39="SIN INICIO",0,IF((((TODAY()-M38)*100%)/(N38-M38))>=100%,"100%",(((TODAY()-M38)*100%)/(N38-M38)))) -> 0.83112583 | S38: =+'DIFERENTES DE CPS'!$P39-'DIFERENTES DE CPS'!$Q39 -> 6500000 | T38: https://community.secop.gov.co/Public/Tendering/OpportunityDetail/Index?noticeUID=CO1.NTC.7629189&isFromPublicArea=True&isModal=true&asPopupView=true
A39: 2025 | B39: ANT-20254994 | C39: ANT-20254994 | D39: 20 OTROS | E39: CD | F39: ARRENDAMIENTO | G39: DORA ALBA QUIROGA GALVIZ | H39: CONTRATAR EL ARRENDAMIENTO DEL INMUEBLE UBICADO EN LA CALLE 48 22-85 DEL MUNICIPIO DE BARRANCABERMEJA - SANTANDER, IDENTIFICADO CON LA MATRÍCULA INMOBILIARIA NO. 303-15133 PARA EL FUNCIONAMIENTO DE LA UNIDAD DE GESTIÓN TERRITORIAL SANTANDER DE LA AGENCIA NACIONAL DE TIERRAS | I39: SUBDIRECCIÓN ADMINISTRATIVA Y FINANCIERA | J39: 40083333 | K39: =+J39 -> 40083333 | L39: 45742 | M39: 45742 | N39: 45930 | P39: 40083333 | Q39: 33583333 | R39: =IF('DIFERENTES DE CPS'!$M44="SIN INICIO",0,IF((((TODAY()-M39)*100%)/(N39-M39))>=100%,"100%",(((TODAY()-M39)*100%)/(N39-M39)))) -> 100% | S39: =+'DIFERENTES DE CPS'!$P44-'DIFERENTES DE CPS'!$Q44 -> 303922430 | T39: https://community.secop.gov.co/Public/Tendering/OpportunityDetail/Index?noticeUID=CO1.NTC.7900491&isFromPublicArea=True&isModal=true&asPopupView=true
A40: 2025 | B40: ANT-20254760 | C40: ANT-20254760 | D40: 20 OTROS | E40: CD | F40: CONTRATO INTERADMINISTRATIVO | G40: EMPRESA DE TELECOMUNICACIONES DE POPAYAN S.A. EMTEL E.S.P | H40: BRINDAR UNA SOLUCIÓN INTEGRAL A TRAVÉS DE LÍNEAS DE SERVICIOS Y COMPONENTES TECNOLÓGICOS QUE PERMITAN GARANTIZAR LA CONTINUIDAD Y ADECUADA OPERACIÓN DE LOS SISTEMAS DE INFORMACIÓN DE TIERRAS DE LA ANT Y SERVICIOS CONEXOS. | I40: SUBDIRECCIÓN DE SISTEMAS DE INFORMACIÓN DE TIERRAS | J40: 13391309598 | K40: =+J40 -> 13391309598 | L40: 45735 | M40: 45736 | N40: 46022 | P40: 13391309598 | Q40: 7.3931667e+09 | R40: =IF('DIFERENTES DE CPS'!$M43="SIN INICIO",0,IF((((TODAY()-M40)*100%)/(N40-M40))>=100%,"100%",(((TODAY()-M40)*100%)/(N40-M40)))) -> 0.82167832 | S40: =+'DIFERENTES DE CPS'!$P43-'DIFERENTES DE CPS'!$Q43 -> 0 | T40: https://community.secop.gov.co/Public/Tendering/ContractNoticeManagement/Index?currentLanguage=es-CO&Page=login&Country=CO&SkinName=CCE
A41: 2025 | B41: ANT-20257740 | C41: ANT-20257740 | D41: 20 OTROS | E41: CD | F41: CONTRATO INTERADMINISTRATIVO | G41: EMPRESA DE TELECOMUNICACIONES DE POPAYAN S.A. EMTEL E.S.P | H41: CONSULTORÍA, DESARROLLO, IMPLEMENTACIÓN DE UNA SOLUCIÓN INTEGRAL QUE PERMITA LA INTEROPERABILIDAD ENTRE LOS MÓDULOS FUNCIONALES DEL SISTEMA INTEGRAL DE TIERRAS (SIT), ASÍ COMO EL DISEÑO DEL MODELO DE ARQUITECTURA EMPRESARIAL (AE) Y LA GESTIÓN ESTRATÉGICA DE TECNOLOGÍAS DE LA INFORMACIÓN (TI) EN LA AGENCIA NACIONAL DE TIERRAS. | I41: SUBDIRECCIÓN DE SISTEMAS DE INFORMACIÓN DE TIERRAS | J41: 11985193853 | K41: =+J41 -> 11985193853 | L41: 45863 | M41: 45868 | N41: 46006 | P41: 11985193853 | Q41: 1.1029931e+09 | R41: =IF('DIFERENTES DE CPS'!$M67="SIN INICIO",0,IF((((TODAY()-M41)*100%)/(N41-M41))>=100%,"100%",(((TODAY()-M41)*100%)/(N41-M41)))) -> 0.74637681 | S41: =+'DIFERENTES DE CPS'!$P67-'DIFERENTES DE CPS'!$Q67 -> 36011632 | T41: https://community.secop.gov.co/Public/Tendering/OpportunityDetail/Index?noticeUID=CO1.NTC.8495371&isFromPublicArea=True&isModal=true&asPopupView=true
A42: 2025 | B42: ANT-MC-006-2025 | C42: ANT-202510157 | D42: 20 OTROS | E42: MC | F42: PRESTACIÓN DE SERVICIOS | G42: EOS CONSERVACION Y GESTION DOCUMENTAL S.A.S. - EOS CGD S.A.S. | H42: Contratar la prestación del servicio integral de saneamiento ambiental de sedes administrativas y de archivo para la Agencia Nacional de Tierras, de acuerdo con las especificaciones técnicas definidas por la entidad | I42: SUBDIRECCIÓN ADMINISTRATIVA Y FINANCIERA | J42: 93400000 | K42: =+J42 -> 93400000 | L42: 45919 | M42: SIN INICIO | N42: 46011 | P42: 93400000 | Q42: 0 | R42: =IF('DIFERENTES DE CPS'!$M76="SIN INICIO",0,IF((((TODAY()-M42)*100%)/(N42-M42))>=100%,"100%",(((TODAY()-M42)*100%)/(N42-M42)))) -> #VALUE! | S42: =+'DIFERENTES DE CPS'!$P76-'DIFERENTES DE CPS'!$Q76 -> 63021561 | T42: https://community.secop.gov.co/Public/Tendering/OpportunityDetail/Index?noticeUID=CO1.NTC.8744281&isFromPublicArea=True&isModal=true&asPopupView=true
A43: 2025 | B43: ANT-20256682 | C43: ANT-20256682 | D43: 20 OTROS | E43: CD | F43: CONVENIO INTERADMINISTRATIVO | G43: GOBERNACIÓN DE BOYACÁ | H43: Aunar esfuerzos entre la gobernación de Boyacá y agencia nacional de tierras para priorizar la formalización de la propiedad privada rural, la adjudicación de baldíos y demás acciones misionales relacionadas con el acceso y formalización de la tierra a favor de los campesinos y pobladores rurales del departamento de Boyacá sujetos de ordenamiento social de la propiedad rural | I43: DIRECCIÓN DE GESTIÓN JURÍDICA DE TIERRAS | J43: 0 | K43: =+J43 -> 0 | L43: 45812 | M43: 45812 | N43: 46022 | P43: 0 | Q43: 0 | R43: =IF('DIFERENTES DE CPS'!$M58="SIN INICIO",0,IF((((TODAY()-M43)*100%)/(N43-M43))>=100%,"100%",(((TODAY()-M43)*100%)/(N43-M43)))) -> 0.75714286 | S43: =+'DIFERENTES DE CPS'!$P58-'DIFERENTES DE CPS'!$Q58 -> 1790821426 | T43: https://community.secop.gov.co/Public/Tendering/OpportunityDetail/Index?noticeUID=CO1.NTC.8235463&isFromPublicArea=True&isModal=true&asPopupView=true
A44: 2025 | B44: 144624 | C44: ANT-20255330 | D44: 20 OTROS | E44: AMP | F44: ORDEN DE COMPRA | G44: GRAN IMAGEN SAS | H44: Alquiler de impresoras para el fortalecimiento y mejoramiento tecnológico en los distintos procesos misionales a cargo de la Agencia Nacional de Tierras. | I44: SECRETARÍA GENERAL | J44: 303922430 | K44: =+J44 -> 303922430 | L44: 45754 | M44: 45756 | N44: 45961 | P44: 303922430 | Q44: 0 | R44: =IF('DIFERENTES DE CPS'!$M48="SIN INICIO",0,IF((((TODAY()-M44)*100%)/(N44-M44))>=100%,"100%",(((TODAY()-M44)*100%)/(N44-M44)))) -> 100% | S44: =+'DIFERENTES DE CPS'!$P48-'DIFERENTES DE CPS'!$Q48 -> 45234537 | T44: https://www.colombiacompra.gov.co/tienda-virtual-del-estado-colombiano/ordenes-compra/144624
A45: 2025 | B45: 141659 | C45: ANT-20252743 | D45: 20 OTROS | E45: AMP | F45: ORDEN DE COMPRA | G45: GRUPO GESTION EMPRESARIAL COLOMBIA SAS | H45: Contratar el servicio integral de Aseo y cafetería para las sedes de la AGENCIA NACIONAL DE TIERRAS - ANT a Nivel Nacional SEDE BUCARAMANGA | I45: SUBDIRECCIÓN ADMINISTRATIVA Y FINANCIERA | J45: 82661370 | K45: =+J45 -> 82661370 | L45: 45699 | M45: 45707 | N45: 45907 | P45: 82661370 | Q45: 28378492 | R45: =IF('DIFERENTES DE CPS'!$M26="SIN INICIO",0,IF((((TODAY()-M45)*100%)/(N45-M45))>=100%,"100%",(((TODAY()-M45)*100%)/(N45-M45)))) -> 100% | S45: =+'DIFERENTES DE CPS'!$P26-'DIFERENTES DE CPS'!$Q26 -> 1.3434621e+10 | T45: https://www.colombiacompra.gov.co/tienda-virtual-del-estado-colombiano/ordenes-compra/141659
A46: 2025 | B46: ANT-20251409 | C46: ANT-20251409 | D46: 20 OTROS | E46: CD | F46: CONTRATO INTERADMINISTRATIVO | G46: IMPRENTA NACIONAL DE COLOMBIA | H46: PRESTAR LOS SERVICIOS DE PUBLICACIÓN EN EL DIARIO OFICIAL DE LOS ACTOS ADMINISTRATIVOS DE CARÁCTER GENERAL, CIRCULARES Y DEMÁS DOCUMENTOS EXPEDIDOS POR LA AGENCIA NACIONAL DE TIERRAS – ANT, EN EL MARCO DE SUS FUNCIONES. | I46: SUBDIRECCIÓN ADMINISTRATIVA Y FINANCIERA | J46: 120000000 | K46: =+J46 -> 120000000 | L46: 45688 | M46: 45692 | N46: 46022 | O46: 60000000 | P46: 180000000 | Q46: 156468300 | R46: =IF('DIFERENTES DE CPS'!$M5="SIN INICIO",0,IF((((TODAY()-M46)*100%)/(N46-M46))>=100%,"100%",(((TODAY()-M46)*100%)/(N46-M46)))) -> 0.84545455 | S46: =+'DIFERENTES DE CPS'!$P5-'DIFERENTES DE CPS'!$Q5 -> 52025928 | T46: https://community.secop.gov.co/Public/Tendering/OpportunityDetail/Index?noticeUID=CO1.NTC.7474083&isFromPublicArea=True&isModal=true&asPopupView=true
A47: 2025 | B47: ANT-20258202 | C47: ANT-20258202 | D47: 20 OTROS | E47: CD | F47: ARRENDAMIENTO | G47: INMOBILIARIA Y CONSTRUCTORA COUNTRY HOUSE DEL CARIBE SAS | H47: ARRENDAMIENTO DEL INMUEBLE UBICADO EN LA CALLE 25 # 25A-95 DE LA CIUDAD DE SINCELEJO - SUCRE, IDENTIFICADO CON LA MATRÍCULA INMOBILIARIA NO.340-50175, PARA EL FUNCIONAMIENTO DE LA UNIDAD DE GESTIÓN TERRITORIAL SUCRE DE LA AGENCIA NACIONAL DE TIERRAS | I47: SUBDIRECCIÓN ADMINISTRATIVA Y FINANCIERA | J47: 59773216 | K47: =+J47 -> 59773216 | L47: 45910 | M47: 45910 | N47: 46022 | P47: 59773216 | Q47: 0 | R47: =IF('DIFERENTES DE CPS'!$M68="SIN INICIO",0,IF((((TODAY()-M47)*100%)/(N47-M47))>=100%,"100%",(((TODAY()-M47)*100%)/(N47-M47)))) -> 0.54464286 | S47: =+'DIFERENTES DE CPS'!$P68-'DIFERENTES DE CPS'!$Q68 -> 48044901 | T47: https://community.secop.gov.co/Public/Tendering/OpportunityDetail/Index?noticeUID=CO1.NTC.8676840&isFromPublicArea=True&isModal=true&asPopupView=true
A48: 2025 | B48: 234757 | C48: ANT-20252787 | D48: 20 OTROS | E48: AMP | F48: ORDEN DE COMPRA | G48: INTERNEGOCIOS S.A.S | H48: Contratar el servicio integral de Aseo y cafetería para las sedes de la AGENCIA NACIONAL DE TIERRAS - ANT a Nivel Nacional SEDE VALLEDUPAR | I48: SUBDIRECCIÓN ADMINISTRATIVA Y FINANCIERA | J48: 75089110 | K48: =+J48 -> 75089110 | L48: 45700 | M48: 45712 | N48: 45907 | P48: 75089110 | Q48: 29854573 | R48: =IF('DIFERENTES DE CPS'!$M31="SIN INICIO",0,IF((((TODAY()-M48)*100%)/(N48-M48))>=100%,"100%",(((TODAY()-M48)*100%)/(N48-M48)))) -> 100% | S48: =+'DIFERENTES DE CPS'!$P31-'DIFERENTES DE CPS'!$Q31 -> 49889610 | T48: https://www.colombiacompra.gov.co/tienda-virtual-del-estado-colombiano/ordenes-compra/234757
A49: 2025 | B49: SDC-001-ANT3-2025 | C49: ANT-202510016 | D49: 20 OTROS | E49: CD | F49: PRESTACIÓN DE SERVICIOS | G49: INVERSIONES M&R SAS ZOMAC | H49: Prestar servicios logísticos para la organización y ejecución de actividades programadas por la Agencia Nacional de Tierras en las zonas de reserva campesina (ZRC), que contribuyan al cumplimiento de los objetivos propuestos en el marco del contrato de préstamo 8937 –CO (BM) | I49: SUBDIRECCIÓN DE ADMINISTRACIÓN DE TIERRAS DE LA NACIÓN | J49: 375343850 | K49: =+J49 -> 375343850 | L49: 45917 | M49: 45919 | N49: 46007 | P49: 375343850 | Q49: 0 | R49: =IF('DIFERENTES DE CPS'!$M75="SIN INICIO",0,IF((((TODAY()-M49)*100%)/(N49-M49))>=100%,"100%",(((TODAY()-M49)*100%)/(N49-M49)))) -> 0.59090909 | S49: =+'DIFERENTES DE CPS'!$P75-'DIFERENTES DE CPS'!$Q75 -> 69946487 | T49: https://community.secop.gov.co/Public/Tendering/OpportunityDetail/Index?noticeUID=CO1.NTC.8794211&isFromPublicArea=True&isModal=true&asPopupView=true
A50: 2025 | B50: ANT-RE-001-2025 | C50: ANT-20259455 | D50: 20 OTROS | E50: RE | F50: CONVENIO DE ASOCIACIÓN | G50: LA ASOCIACION CAMPESINA DE INZA TIERRADENTRO ACIT | H50: Aunar esfuerzos para llevar a cabo la caracterización integral de la población Campesina y no étnica, lo cual servirá como insumo para los procedimientos administrativos de formalización campesina y étnica, seguridad jurídica y ordenamiento social de la propiedad rural de la Agencia Nacional de Tierras en el municipio de Inzá, Cauca | I50: DIRECCIÓN DE ASUNTOS ÉTNICOS | J50: 899566667 | K50: =+J50 -> 899566667 | L50: 45910 | M50: 45912 | N50: 46022 | P50: 899566667 | Q50: 0 | R50: =IF('DIFERENTES DE CPS'!$M71="SIN INICIO",0,IF((((TODAY()-M50)*100%)/(N50-M50))>=100%,"100%",(((TODAY()-M50)*100%)/(N50-M50)))) -> 0.53636364 | S50: =+'DIFERENTES DE CPS'!$P71-'DIFERENTES DE CPS'!$Q71 -> 34060903 | T50: https://community.secop.gov.co/Public/Tendering/OpportunityDetail/Index?noticeUID=CO1.NTC.8657353&isFromPublicArea=True&isModal=true&asPopupView=true
A51: 2025 | B51: ANT-20256837 | C51: ANT-20256837 | D51: 20 OTROS | E51: CD | F51: CONVENIO INTERADMINISTRATIVO | G51: LA CORPORACIÓN AGENCIA AFROCOLOMBIANA HILEROS | H51: Aunar esfuerzos para la materialización de derechos territoriales en favor de las Comunidades Étnicas en el territorio nacional, mediante la socialización de la oferta institucional, el acompañamiento y apoyo en procesos técnicos y administrativos, que conlleven a la compra y formalización y seguridad jurídica de territorios colectivos, de acuerdo con la normatividad vigente y en cumplimiento con los Acuerdos de Paz. | I51: DIRECCIÓN DE ASUNTOS ÉTNICOS | J51: 6897000000 | K51: =+J51 -> 6897000000 | L51: 45826 | M51: 45832 | N51: 46022 | P51: 6897000000 | Q51: 0 | R51: =IF('DIFERENTES DE CPS'!$M60="SIN INICIO",0,IF((((TODAY()-M51)*100%)/(N51-M51))>=100%,"100%",(((TODAY()-M51)*100%)/(N51-M51)))) -> 0.73157895 | S51: =+'DIFERENTES DE CPS'!$P60-'DIFERENTES DE CPS'!$Q60 -> 500000000 | T51: https://community.secop.gov.co/Public/Tendering/OpportunityDetail/Index?noticeUID=CO1.NTC.8304947&isFromPublicArea=True&isModal=true&asPopupView=true
A52: 2025 | B52: ANT-20256671 | C52: ANT-20256671 | D52: 20 OTROS | E52: CD | F52: CONVENIO DE COOPERACIÓN INTERNACIONAL | G52: LA FUNDACIÓN PANAMERICANA PARA EL DESARROLLO – FUPAD | H52: AUNAR ESFUERZOS ENTRE LA FUNDACIÓN PANAMERICANA PARA EL DESARROLLO (FUPAD) Y LA AGENCIA NACIONAL DE TIERRAS (ANT) CON EL FIN DE BRINDAR ASISTENCIA TÉCNICA PARA EL DESARROLLO DEL PROCEDIMIENTO DE ADQUISICIÓN DE PREDIOS EN EL MARCO DE LA REFORMA RURAL INTEGRAL | I52: DIRECCIÓN DE ACCESO A TIERRAS | J52: 14000000000 | K52: =+J52 -> 14000000000 | L52: 45818 | M52: 45814 | N52: 46022 | P52: 14000000000 | Q52: 4200000000 | R52: =IF('DIFERENTES DE CPS'!$M57="SIN INICIO",0,IF((((TODAY()-M52)*100%)/(N52-M52))>=100%,"100%",(((TODAY()-M52)*100%)/(N52-M52)))) -> 0.75480769 | S52: =+'DIFERENTES DE CPS'!$P57-'DIFERENTES DE CPS'!$Q57 -> 24970000 | T52: https://community.secop.gov.co/Public/Tendering/OpportunityDetail/Index?noticeUID=CO1.NTC.8262647&isFromPublicArea=True&isModal=true&asPopupView=true
A53: 2025 | B53: ANT-20259501 | C53: ANT-20259501 | D53: 20 OTROS | E53: CD | F53: CONVENIO INTERADMINISTRATIVO | G53: MINISTERIOR DE IGUALDAD Y EQUIDAD | H53: Implementar acciones conjuntas orientadas al cierre de brechas en la tenencia de tierras y al fortalecimiento territorial de la política de tierras y equidad rural en 23 Departamentos con mayor índice de informalidad en la tenencia de tierras del país entre el Ministerio de Igualdad y Equidad y la Agencia Nacional de Tierras | I53: DIRECCIÓN GENERAL | J53: 0 | K53: =+J53 -> 0 | L53: 45911 | M53: SIN INICIO | N53: 46022 | P53: 0 | Q53: 0 | R53: =IF('DIFERENTES DE CPS'!$M73="SIN INICIO",0,IF((((TODAY()-M53)*100%)/(N53-M53))>=100%,"100%",(((TODAY()-M53)*100%)/(N53-M53)))) -> #VALUE! | S53: =+'DIFERENTES DE CPS'!$P73-'DIFERENTES DE CPS'!$Q73 -> 40537403 | T53: https://community.secop.gov.co/Public/Tendering/OpportunityDetail/Index?noticeUID=CO1.NTC.8758699&isFromPublicArea=True&isModal=true&asPopupView=true
A54: 2025 | B54: ANT-20259500 | C54: ANT-20259500 | D54: 20 OTROS | E54: CD | F54: CONVENIO INTERADMINISTRATIVO | G54: MOTILONA BARI (BARIRA) DE CATALAURA | H54: Aunar esfuerzos técnicos, administrativos y financieros entre la Agencia Nacional de Tierras -ANT y El resguardo indígena Catalaura la Gabarra, con el objeto de contribuir al fortalecimiento del ejercicio de la autonomía y gobierno propio del pueblo Barí, para la gestión de la formalización y regularización de sus derechos étnico-territoriales | I54: DIRECCIÓN DE ASUNTOS ÉTNICOS | J54: 1288377728 | K54: =+J54 -> 1288377728 | L54: 45917 | M54: SIN INICIO | N54: 46022 | P54: 1288377728 | Q54: 0 | R54: =IF('DIFERENTES DE CPS'!$M72="SIN INICIO",0,IF((((TODAY()-M54)*100%)/(N54-M54))>=100%,"100%",(((TODAY()-M54)*100%)/(N54-M54)))) -> #VALUE! | S54: =+'DIFERENTES DE CPS'!$P72-'DIFERENTES DE CPS'!$Q72 -> 71189786 | T54: https://community.secop.gov.co/Public/Tendering/OpportunityDetail/Index?noticeUID=CO1.NTC.8794478&isFromPublicArea=True&isModal=true&asPopupView=true
A55: 2025 | B55: 148933 | C55: ANT-20257419 | D55: 20 OTROS | E55: AMP | F55: ORDEN DE COMPRA | G55: MOTO MART S.A. | H55: Adquisición de Maquinaria y Accesorios Agrícolas para apoyar la implementación y ejecución de proyectos productivos | I55: DIRECCIÓN DE ACCESO A TIERRAS | J55: 5493019467 | K55: =+J55 -> 5493019467 | L55: 45853 | M55: 45853 | N55: 46022 | P55: 5493019467 | Q55: 0 | R55: =IF('DIFERENTES DE CPS'!$M65="SIN INICIO",0,IF((((TODAY()-M55)*100%)/(N55-M55))>=100%,"100%",(((TODAY()-M55)*100%)/(N55-M55)))) -> 0.69822485 | S55: =+'DIFERENTES DE CPS'!$P65-'DIFERENTES DE CPS'!$Q65 -> 42437919 | T55: https://www.colombiacompra.gov.co/tienda-virtual-del-estado-colombiano/ordenes-compra/148933
A56: 2025 | B56: ANT-20255707 | C56: ANT-20255707 | D56: 20 OTROS | E56: CD | F56: PRESTACIÓN DE SERVICIOS | G56: OTIS ELEVATOR COMPANY COLOMBIA S.A.S | H56: PRESTAR EL SERVICIO DE MANTENIMIENTO PREVENTIVO Y CORRECTIVO, INCLUIDO EL SUMINISTRO E INSTALACIÓN DE REPUESTOS NUEVOS ORIGINALES DE FÁBRICA A LOS DOS (2) ASCENSORES INSTALADOS EN EL EDIFICIO DONDE FUNCIONA LA AGENCIA NACIONAL DE TIERRAS Y DE LA AGENCIA DE DESARROLLO RURAL –ADR, UBICADA EN LA CALLE 43 NO 57 – 41 EN LA CIUDAD DE BOGOTÁ | I56: SUBDIRECCIÓN ADMINISTRATIVA Y FINANCIERA | J56: 43464271 | K56: =+J56 -> 43464271 | L56: 45775 | M56: 45779 | N56: 46022 | P56: 43464271 | Q56: 4088918.5 | R56: =IF('DIFERENTES DE CPS'!$M51="SIN INICIO",0,IF((((TODAY()-M56)*100%)/(N56-M56))>=100%,"100%",(((TODAY()-M56)*100%)/(N56-M56)))) -> 0.79012346 | S56: =+'DIFERENTES DE CPS'!$P51-'DIFERENTES DE CPS'!$Q51 -> 6897000000 | T56: https://community.secop.gov.co/Public/Tendering/OpportunityDetail/Index?noticeUID=CO1.NTC.8039106&isFromPublicArea=True&isModal=False
A57: 2025 | B57: ANT-MC-003-2025 | C57: ANT-20255854 | D57: 20 OTROS | E57: MC | F57: PRESTACIÓN DE SERVICIOS | G57: QUALITAS SALUD LIMITADA | H57: Prestación de servicios para la realización de exámenes médicos pre-ocupacionales o de pre-ingreso, exámenes médicos ocupacionales periódicos, exámenes post incapacidad o por reintegro y exámenes médicos post ocupacionales o de egreso para los servidores públicos de la Agencia Nacional de Tierras, conforme con las especificaciones técnicas definidas por la entidad | I57: SUBDIRECCIÓN DE TALENTO HUMANO | J57: 26000000 | K57: =+J57 -> 26000000 | L57: 45770 | M57: 45806 | N57: 46006 | P57: 26000000 | Q57: 1030000 | R57: =IF('DIFERENTES DE CPS'!$M52="SIN INICIO",0,IF((((TODAY()-M57)*100%)/(N57-M57))>=100%,"100%",(((TODAY()-M57)*100%)/(N57-M57)))) -> 0.825 | S57: =+'DIFERENTES DE CPS'!$P52-'DIFERENTES DE CPS'!$Q52 -> 9800000000 | T57: https://community.secop.gov.co/Public/Tendering/OpportunityDetail/Index?noticeUID=CO1.NTC.7973598&isFromPublicArea=True&isModal=true&asPopupView=true
A58: 2025 | B58: ANT-SASIE-001-2025 | C58: ANT-20256802 | D58: 20 OTROS | E58: SASIE | F58: CONTRATO DE SUMINISTRO | G58: RECIO TURISMO S.A. | H58: Suministro de tiquetes aéreos nacionales e internacionales y servicios conexos para el desplazamiento de los servidores y contratistas en el desarrollo de las actividades misionales y administrativas de la Agencia Nacional de Tierras. | I58: DIRECCIÓN DE ACCESO A TIERRAS | J58: 3024000000 | K58: =+J58 -> 3024000000 | L58: 45821 | M58: 45825 | N58: 46021 | P58: 3024000000 | Q58: 1233178574 | R58: =IF('DIFERENTES DE CPS'!$M59="SIN INICIO",0,IF((((TODAY()-M58)*100%)/(N58-M58))>=100%,"100%",(((TODAY()-M58)*100%)/(N58-M58)))) -> 0.74489796 | S58: =+'DIFERENTES DE CPS'!$P59-'DIFERENTES DE CPS'!$Q59 -> 424000702 | T58: https://community.secop.gov.co/Public/Tendering/OpportunityDetail/Index?noticeUID=CO1.NTC.8189615&isFromPublicArea=True&isModal=true&asPopupView=true
A59: 2025 | B59: 140788 | C59: ANT-20250889 | D59: 20 OTROS | E59: AMP | F59: ORDEN DE COMPRA | G59: SERVICIOS POSTALES NACIONALES S.A.S | H59: Prestar los servicios postales de recepción, clasificación, transporte y entrega de correo y/o paquetes, a nivel urbano, nacional e internacional y demás servicios conexos que se requieran por la Agencia Nacional de Tierras, conforme a lo establecido en la Ley 1369 de 2009 y demás normas concordantes y complementarias. | I59: SUBDIRECCIÓN ADMINISTRATIVA Y FINANCIERA | J59: 887563891 | K59: =+J59 -> 887563891 | L59: 45674 | M59: 45684 | N59: 46022 | P59: 887563891 | Q59: 463563189 | R59: =IF('DIFERENTES DE CPS'!$M3="SIN INICIO",0,IF((((TODAY()-M59)*100%)/(N59-M59))>=100%,"100%",(((TODAY()-M59)*100%)/(N59-M59)))) -> 0.84911243 | S59: =+'DIFERENTES DE CPS'!$P3-'DIFERENTES DE CPS'!$Q3 -> 1.2524436e+08 | T59: https://www.colombiacompra.gov.co/tienda-virtual-del-estado-colombiano/ordenes-compra/140788
A60: 2025 | B60: ANT-20256642 | C60: ANT-20256642 | D60: 20 OTROS | E60: CD | F60: PRESTACIÓN DE SERVICIOS | G60: SIGPRO INGENIERIA Y TOPOGRAFIA S.A.S | H60: PRESTACIÓN DE SERVICIOS DE APOYO A LA GESTIÓN PARA LA REALIZACIÓN DE LEVANTAMIENTOS TOPOGRÁFICOS DE LAS UNIDADES PREDIALES A NIVEL NACIONAL DETERMINADAS POR LA DIRECCIÓN DE ACCESO A TIERRAS EN EL MARCO DE LA REFORMA RURAL INTEGRAL | I60: DIRECCIÓN DE ACCESO A TIERRAS | J60: 500000000 | K60: =+J60 -> 500000000 | L60: 45812 | M60: 45818 | N60: 45991 | P60: 500000000 | Q60: 0 | R60: =IF('DIFERENTES DE CPS'!$M56="SIN INICIO",0,IF((((TODAY()-M60)*100%)/(N60-M60))>=100%,"100%",(((TODAY()-M60)*100%)/(N60-M60)))) -> 0.88439306 | S60: =+'DIFERENTES DE CPS'!$P56-'DIFERENTES DE CPS'!$Q56 -> 39375352 | T60: https://community.secop.gov.co/Public/Tendering/OpportunityDetail/Index?noticeUID=CO1.NTC.8221004&isFromPublicArea=True&isModal=true&asPopupView=true
A61: 2025 | B61: ANT-20257411 | C61: ANT-20257411 | D61: 20 OTROS | E61: CD | F61: CONVENIO INTERADMINISTRATIVO | G61: SISTEMA UNIVERSITARIO DEL EJE CAFETERO | H61: AUNAR ESFUERZOS TÉCNICOS, JURÍDICOS, ADMINISTRATIVOS Y FINANCIEROS, PARA APOYAR LA GESTIÓN MISIONAL DE LOS PROCESOS DE COMPETENCIA DE LA SUBDIRECCIÓN DE ADMINISTRACIÓN DE TIERRAS, RELACIONADOS CON: I) LA ADJUDICACIÓN DE PREDIOS BALDÍOS DE LA NACIÓN A ENTIDADES DE DERECHO PÚBLICO, Y II) APLICACIÓN DE LA METODOLOGÍA DE ACTUALIZACIÓN DE UAF POR UNIDADES FÍSICAS HOMOGENEAS | I61: SUBDIRECCIÓN DE ADMINISTRACIÓN DE TIERRAS DE LA NACIÓN | J61: 8848000000 | K61: =+J61 -> 8848000000 | L61: 45866 | M61: 45868 | N61: 46022 | P61: 8848000000 | Q61: 3388000000 | R61: =IF('DIFERENTES DE CPS'!$M64="SIN INICIO",0,IF((((TODAY()-M61)*100%)/(N61-M61))>=100%,"100%",(((TODAY()-M61)*100%)/(N61-M61)))) -> 0.66883117 | S61: =+'DIFERENTES DE CPS'!$P64-'DIFERENTES DE CPS'!$Q64 -> 376266919 | T61: https://community.secop.gov.co/Public/Tendering/OpportunityDetail/Index?noticeUID=CO1.NTC.8451641&isFromPublicArea=True&isModal=true&asPopupView=true
A62: 2025 | B62: ANT-20258208 | C62: ANT-20258208 | D62: 20 OTROS | E62: CD | F62: ARRENDAMIENTO | G62: SOLUCIONES EMPRESARIALES INTEGRALES ROMERO DIAZ S.A.S | H62: Contratar el arrendamiento del inmueble ubicado en la Carrera 7 No 10-05 del Municipio de San Martin - Meta, identificado con la matrícula inmobiliaria No. 236-35516 para el funcionamiento de la Unidad de Gestión Territorial Meta de la Agencia Nacional de Tierras | I62: SUBDIRECCIÓN ADMINISTRATIVA Y FINANCIERA | J62: 8384541.7 | K62: =+J62 -> 8384541.7 | L62: 45897 | M62: 45897 | N62: 46022 | P62: 8384541.7 | Q62: 0 | R62: =IF('DIFERENTES DE CPS'!$M69="SIN INICIO",0,IF((((TODAY()-M62)*100%)/(N62-M62))>=100%,"100%",(((TODAY()-M62)*100%)/(N62-M62)))) -> 0.592 | S62: =+'DIFERENTES DE CPS'!$P69-'DIFERENTES DE CPS'!$Q69 -> 75260788 | T62: https://community.secop.gov.co/Public/Tendering/OpportunityDetail/Index?noticeUID=CO1.NTC.8667519&isFromPublicArea=True&isModal=true&asPopupView=true
A63: 2025 | B63: ANT-20251642 | C63: ANT-20251642 | D63: 20 OTROS | E63: CD | F63: PRESTACIÓN DE SERVICIOS | G63: TEJEIRO Y DIAZ BETTER ABOGADOS SAS | H63: PRESTACIÓN DE SERVICIOS PROFESIONALES PARA EJERCER ACTIVIDADES DE APOYO EN LA REPRESENTACION JUDICIAL Y EXTRAJUDICIAL DE LA OFICINA JURIDICA DE LA AGENCIA NACIONAL DE TIERRAS | I63: OFICINA JURÍDICA | J63: 88000000 | K63: =+J63 -> 88000000 | L63: 45685 | M63: 45685 | N63: 45900 | P63: 88000000 | Q63: 56100000 | R63: =IF('DIFERENTES DE CPS'!$M6="SIN INICIO",0,IF((((TODAY()-M63)*100%)/(N63-M63))>=100%,"100%",(((TODAY()-M63)*100%)/(N63-M63)))) -> 100% | S63: =+'DIFERENTES DE CPS'!$P6-'DIFERENTES DE CPS'!$Q6 -> 66438843 | T63: https://community.secop.gov.co/Public/Tendering/OpportunityDetail/Index?noticeUID=CO1.NTC.7463129&isFromPublicArea=True&isModal=true&asPopupView=true
A64: 2025 | B64: ANT-20251408 | C64: ANT-20251408 | D64: 20 OTROS | E64: CD | F64: CONVENIO INTERADMINISTRATIVO | G64: UNIDAD NACIONAL DE PROTECCIÓN | H64: AUNAR ESFUERZOS Y RECURSOS FÍSICOS, HUMANOS, ADMINISTRATIVOS, TÉCNICOS, FINANCIEROS, CAPACIDADES Y MÉTODOS ENTRE LA UNIDAD NACIONAL DE PROTECIÓN - UNP Y LA AGENCIA NACIONAL DE TIERAS- ANT QUE PERMITAN EJERCER LA ADECUADA PROTECCIÓN DEL DIRECTOR DE LA ANT, CON OCASIÓN A LA SITUACIÓN DE RIESGO A LA QUE SE ENCUENTRA EXPUESTO EN EL CUMPLIMIENTO DE SUS OBLIGACIONES. | I64: SUBDIRECCIÓN ADMINISTRATIVA Y FINANCIERA | J64: 597401062 | K64: =+J64 -> 597401062 | L64: 45686 | M64: 45689 | N64: 46022 | P64: 597401062 | Q64: 221134143 | R64: =IF('DIFERENTES DE CPS'!$M4="SIN INICIO",0,IF((((TODAY()-M64)*100%)/(N64-M64))>=100%,"100%",(((TODAY()-M64)*100%)/(N64-M64)))) -> 0 | S64: =+'DIFERENTES DE CPS'!$P4-'DIFERENTES DE CPS'!$Q4 -> 8322498585 | T64: https://community.secop.gov.co/Public/Tendering/OpportunityDetail/Index?noticeUID=CO1.NTC.7466354&isFromPublicArea=True&isModal=true&asPopupView=true
A65: 2025 | B65: 141760 | C65: ANT-20252985 | D65: 20 OTROS | E65: AMP | F65: ORDEN DE COMPRA | G65: UNION TEMPORAL ASEAMOS 2022 | H65: Contratar el servicio integral de Aseo y cafetería para las sedes de la AGENCIA NACIONAL DE TIERRAS - ANT a Nivel Nacional SEDE MANIZALES | I65: SUBDIRECCIÓN ADMINISTRATIVA Y FINANCIERA | J65: 70062110 | K65: =+J65 -> 70062110 | L65: 45701 | M65: 45716 | N65: 45907 | P65: 70062110 | Q65: 27624191 | R65: =IF('DIFERENTES DE CPS'!$M32="SIN INICIO",0,IF((((TODAY()-M65)*100%)/(N65-M65))>=100%,"100%",(((TODAY()-M65)*100%)/(N65-M65)))) -> 100% | S65: =+'DIFERENTES DE CPS'!$P32-'DIFERENTES DE CPS'!$Q32 -> 57457394 | T65: https://www.colombiacompra.gov.co/tienda-virtual-del-estado-colombiano/ordenes-compra/141760
A66: 2025 | B66: 141761 | C66: ANT-20252994 | D66: 20 OTROS | E66: AMP | F66: ORDEN DE COMPRA | G66: UNION TEMPORAL ASEAMOS 2022 | H66: Contratar el servicio integral de Aseo y cafetería para las sedes de la AGENCIA NACIONAL DE TIERRAS - ANT a Nivel Nacional SEDE YOPAL | I66: SUBDIRECCIÓN ADMINISTRATIVA Y FINANCIERA | J66: 75099357 | K66: =+J66 -> 75099357 | L66: 45701 | M66: 45701 | N66: 45907 | P66: 75099357 | Q66: 31481835 | R66: =IF('DIFERENTES DE CPS'!$M33="SIN INICIO",0,IF((((TODAY()-M66)*100%)/(N66-M66))>=100%,"100%",(((TODAY()-M66)*100%)/(N66-M66)))) -> 100% | S66: =+'DIFERENTES DE CPS'!$P33-'DIFERENTES DE CPS'!$Q33 -> 46423441 | T66: https://www.colombiacompra.gov.co/tienda-virtual-del-estado-colombiano/ordenes-compra/141761
A67: 2025 | B67: 143207 | C67: ANT-20254560 | D67: 20 OTROS | E67: AMP | F67: ORDEN DE COMPRA | G67: UNION TEMPORAL ASEAMOS 2022 | H67: Contratar el servicio integral de Aseo y cafetería para las sedes de la AGENCIA NACIONAL DE TIERRAS - ANT a Nivel Nacional SEDE ARMENIA | I67: SUBDIRECCIÓN ADMINISTRATIVA Y FINANCIERA | J67: 54033130 | K67: =+J67 -> 54033130 | L67: 45729 | M67: 45733 | N67: 45907 | P67: 54033130 | Q67: 18021498 | R67: =IF('DIFERENTES DE CPS'!$M41="SIN INICIO",0,IF((((TODAY()-M67)*100%)/(N67-M67))>=100%,"100%",(((TODAY()-M67)*100%)/(N67-M67)))) -> 100% | S67: =+'DIFERENTES DE CPS'!$P41-'DIFERENTES DE CPS'!$Q41 -> 1.0882201e+10 | T67: https://www.colombiacompra.gov.co/tienda-virtual-del-estado-colombiano/ordenes-compra/143207
A68: 2025 | B68: 141449 | C68: ANT-20252369 | D68: 20 OTROS | E68: AMP | F68: ORDEN DE COMPRA | G68: UNION TEMPORAL R&J 2022 | H68: Contratar el servicio integral de Aseo y cafetería para las sedes de la AGENCIA NACIONAL DE TIERRAS - ANT a Nivel Nacional | I68: SUBDIRECCIÓN ADMINISTRATIVA Y FINANCIERA | J68: 201245930 | K68: =+J68 -> 201245930 | L68: 45694 | M68: 45700 | N68: 45907 | P68: 201245930 | Q68: 1.5320103e+08 | R68: =IF('DIFERENTES DE CPS'!$M8="SIN INICIO",0,IF((((TODAY()-M68)*100%)/(N68-M68))>=100%,"100%",(((TODAY()-M68)*100%)/(N68-M68)))) -> 100% | S68: =+'DIFERENTES DE CPS'!$P8-'DIFERENTES DE CPS'!$Q8 -> 38652613 | T68: https://www.colombiacompra.gov.co/tienda-virtual-del-estado-colombiano/ordenes-compra/141449
A69: 2025 | B69: 141462 | C69: ANT-20252370 | D69: 20 OTROS | E69: AMP | F69: ORDEN DE COMPRA | G69: UNION TEMPORAL R&J 2022 | H69: Contratar el servicio integral de Aseo y cafetería para las sedes de la AGENCIA NACIONAL DE TIERRAS - ANT a Nivel Naciona | I69: SUBDIRECCIÓN ADMINISTRATIVA Y FINANCIERA | J69: 108963310 | K69: =+J69 -> 108963310 | L69: 45694 | M69: 45702 | N69: 45907 | P69: 108963310 | Q69: 33702522 | R69: =IF('DIFERENTES DE CPS'!$M9="SIN INICIO",0,IF((((TODAY()-M69)*100%)/(N69-M69))>=100%,"100%",(((TODAY()-M69)*100%)/(N69-M69)))) -> 100% | S69: =+'DIFERENTES DE CPS'!$P9-'DIFERENTES DE CPS'!$Q9 -> 45199935 | T69: https://www.colombiacompra.gov.co/tienda-virtual-del-estado-colombiano/ordenes-compra/141462
A70: 2025 | B70: 141463 | C70: ANT-20252371 | D70: 20 OTROS | E70: AMP | F70: ORDEN DE COMPRA | G70: UNION TEMPORAL R&J 2022 | H70: Contratar el servicio integral de Aseo y cafetería para las sedes de la AGENCIANACIONAL DE TIERRAS - ANT a Nivel Nacional | I70: SUBDIRECCIÓN ADMINISTRATIVA Y FINANCIERA | J70: 83237761 | K70: =+J70 -> 83237761 | L70: 45694 | M70: 45702 | N70: 45907 | P70: 83237761 | Q70: 36793131 | R70: =IF('DIFERENTES DE CPS'!$M10="SIN INICIO",0,IF((((TODAY()-M70)*100%)/(N70-M70))>=100%,"100%",(((TODAY()-M70)*100%)/(N70-M70)))) -> 100% | S70: =+'DIFERENTES DE CPS'!$P10-'DIFERENTES DE CPS'!$Q10 -> 35588208 | T70: https://www.colombiacompra.gov.co/tienda-virtual-del-estado-colombiano/ordenes-compra/141463
A71: 2025 | B71: 141461 | C71: ANT-20252372 | D71: 20 OTROS | E71: AMP | F71: ORDEN DE COMPRA | G71: UNION TEMPORAL R&J 2022 | H71: Contratar el servicio integral de Aseo y cafetería para las sedes de la AGENCIANACIONAL DE TIERRAS - ANT a Nivel Nacional | I71: SUBDIRECCIÓN ADMINISTRATIVA Y FINANCIERA | J71: 60947053 | K71: =+J71 -> 60947053 | L71: 45694 | M71: 45711 | N71: 45907 | P71: 60947053 | Q71: 26886150 | R71: =IF('DIFERENTES DE CPS'!$M11="SIN INICIO",0,IF((((TODAY()-M71)*100%)/(N71-M71))>=100%,"100%",(((TODAY()-M71)*100%)/(N71-M71)))) -> 100% | S71: =+'DIFERENTES DE CPS'!$P11-'DIFERENTES DE CPS'!$Q11 -> 42377682 | T71: https://www.colombiacompra.gov.co/tienda-virtual-del-estado-colombiano/ordenes-compra/141461
A72: 2025 | B72: 141491 | C72: ANT-20252451 | D72: 20 OTROS | E72: AMP | F72: ORDEN DE COMPRA | G72: UNION TEMPORAL R&J 2022 | H72: Contratar el servicio integral de Aseo y cafetería para las sedes de la AGENCIANACIONAL DE TIERRAS - ANT a Nivel Nacional | I72: SUBDIRECCIÓN ADMINISTRATIVA Y FINANCIERA | J72: 71189786 | K72: =+J72 -> 71189786 | L72: 45695 | M72: 45706 | N72: 45907 | P72: 71189786 | Q72: 0 | R72: =IF('DIFERENTES DE CPS'!$M13="SIN INICIO",0,IF((((TODAY()-M72)*100%)/(N72-M72))>=100%,"100%",(((TODAY()-M72)*100%)/(N72-M72)))) -> 100% | S72: =+'DIFERENTES DE CPS'!$P13-'DIFERENTES DE CPS'!$Q13 -> 50346258 | T72: https://www.colombiacompra.gov.co/tienda-virtual-del-estado-colombiano/ordenes-compra/141491
A73: 2025 | B73: 141757 | C73: ANT-20253013 | D73: 20 OTROS | E73: AMP | F73: ORDEN DE COMPRA | G73: UNION TEMPORAL R&J 2022 | H73: Contratar el servicio integral de Aseo y cafetería para las sedes de la AGENCIA NACIONAL DE TIERRAS - ANT a Nivel Nacional SEDE NEIVA | I73: SUBDIRECCIÓN ADMINISTRATIVA Y FINANCIERA | J73: 72604752 | K73: =+J73 -> 72604752 | L73: 45701 | M73: 45713 | N73: 45907 | P73: 72604752 | Q73: 32067349 | R73: =IF('DIFERENTES DE CPS'!$M34="SIN INICIO",0,IF((((TODAY()-M73)*100%)/(N73-M73))>=100%,"100%",(((TODAY()-M73)*100%)/(N73-M73)))) -> 100% | S73: =+'DIFERENTES DE CPS'!$P34-'DIFERENTES DE CPS'!$Q34 -> 41430871 | T73: https://www.colombiacompra.gov.co/tienda-virtual-del-estado-colombiano/ordenes-compra/141757
A74: 2025 | B74: 141759 | C74: ANT-20253014 | D74: 20 OTROS | E74: AMP | F74: ORDEN DE COMPRA | G74: UNION TEMPORAL R&J 2022 | H74: Contratar el servicio integral de Aseo y cafetería para las sedes de la AGENCIA NACIONAL DE TIERRAS - ANT a Nivel Nacional SEDE MONTERIA | I74: SUBDIRECCIÓN ADMINISTRATIVA Y FINANCIERA | J74: 88419370 | K74: =+J74 -> 88419370 | L74: 45701 | M74: 45701 | N74: 45907 | P74: 88419370 | Q74: 39096068 | R74: =IF('DIFERENTES DE CPS'!$M35="SIN INICIO",0,IF((((TODAY()-M74)*100%)/(N74-M74))>=100%,"100%",(((TODAY()-M74)*100%)/(N74-M74)))) -> 100% | S74: =+'DIFERENTES DE CPS'!$P35-'DIFERENTES DE CPS'!$Q35 -> 0 | T74: https://www.colombiacompra.gov.co/tienda-virtual-del-estado-colombiano/ordenes-compra/141759
A75: 2025 | B75: 141825 | C75: ANT-20253103 | D75: 20 OTROS | E75: AMP | F75: ORDEN DE COMPRA | G75: UNION TEMPORAL R&J 2022 | H75: Contratar el servicio integral de Aseo y cafetería para las sedes de la AGENCIA NACIONAL DE TIERRAS - ANT a Nivel Nacional SEDE SINCELEJO | I75: SUBDIRECCIÓN ADMINISTRATIVA Y FINANCIERA | J75: 78463190 | K75: =+J75 -> 78463190 | L75: 45702 | M75: 45716 | N75: 45907 | P75: 78463190 | Q75: 8516703 | R75: =IF('DIFERENTES DE CPS'!$M37="SIN INICIO",0,IF((((TODAY()-M75)*100%)/(N75-M75))>=100%,"100%",(((TODAY()-M75)*100%)/(N75-M75)))) -> 100% | S75: =+'DIFERENTES DE CPS'!$P37-'DIFERENTES DE CPS'!$Q37 -> 6162931391 | T75: https://www.colombiacompra.gov.co/tienda-virtual-del-estado-colombiano/ordenes-compra/141825
A76: 2025 | B76: 141822 | C76: ANT-20253104 | D76: 20 OTROS | E76: AMP | F76: ORDEN DE COMPRA | G76: UNION TEMPORAL R&J 2022 | H76: Contratar el servicio integral de Aseo y cafetería para las sedes de la AGENCIANACIONAL DE TIERRAS - ANT a Nivel Nacional SEDE POPAYAN | I76: SUBDIRECCIÓN ADMINISTRATIVA Y FINANCIERA | J76: 134093841 | K76: =+J76 -> 134093841 | L76: 45702 | M76: 45706 | N76: 45907 | P76: 134093841 | Q76: 71072280 | R76: =IF('DIFERENTES DE CPS'!$M38="SIN INICIO",0,IF((((TODAY()-M76)*100%)/(N76-M76))>=100%,"100%",(((TODAY()-M76)*100%)/(N76-M76)))) -> 100% | S76: =+'DIFERENTES DE CPS'!$P38-'DIFERENTES DE CPS'!$Q38 -> 30080747 | T76: https://www.colombiacompra.gov.co/tienda-virtual-del-estado-colombiano/ordenes-compra/141822
A77: 2025 | B77: ANT-20259586 | C77: ANT-20259586 | D77: 20 OTROS | E77: CD | F77: ARRENDAMIENTO ISLAS | G77: WILLIAM ESTEBAN MARÍN PATERNOSTRO | H77: La Agencia Nacional de Tierras (ANT) da en arrendamiento el predio denominado “QUEBRACHO 1”, terreno insular de uno y otro mar, ubicado en el Archipiélago Nuestra Señora del Rosario; al arrendatario, para que, bajo su responsabilidad y autonomía, lo aproveche y lo explote conforme a los usos permitidos. | I77: SUBDIRECCIÓN DE ADMINISTRACIÓN DE TIERRAS DE LA NACIÓN | J77: 580104480 | K77: =+J77 -> 580104480 | L77: 45912 | M77: SIN INICIO | N77: 49562 | P77: 580104480 | Q77: 0 | R77: =IF('DIFERENTES DE CPS'!$M74="SIN INICIO",0,IF((((TODAY()-M77)*100%)/(N77-M77))>=100%,"100%",(((TODAY()-M77)*100%)/(N77-M77)))) -> #VALUE! | S77: =+'DIFERENTES DE CPS'!$P74-'DIFERENTES DE CPS'!$Q74 -> 49323302 | T77: https://community.secop.gov.co/Public/Tendering/OpportunityDetail/Index?noticeUID=CO1.NTC.8758688&isFromPublicArea=True&isModal=true&asPopupView=true
A78: 2025 | B78: ANT-20255481 | C78: ANT-20255481 | D78: 20 OTROS | E78: CD | F78: PRESTACIÓN DE SERVICIOS | G78: YAFABE MULTISERVICIOS Y SUMINISTROS S.A.S | H78: PRESTACIÓN DE SERVICIOS DE APOYO A LA GESTIÓN PARA LA REALIZACIÓN DE LEVANTAMIENTOS TOPOGRÁFICOS DE LAS UNIDADES PREDIALES A NIVEL NACIONAL DETERMINADAS POR LA DIRECCIÓN DE ACCESO A TIERRAS EN EL MARCO DE LA REFORMA RURAL INTEGRAL | I78: DIRECCIÓN DE ACCESO A TIERRAS | J78: 500000000 | K78: =+J78 -> 500000000 | L78: 45771 | M78: 45776 | N78: 45991 | P78: 500000000 | Q78: 327898741 | R78: =IF('DIFERENTES DE CPS'!$M49="SIN INICIO",0,IF((((TODAY()-M78)*100%)/(N78-M78))>=100%,"100%",(((TODAY()-M78)*100%)/(N78-M78)))) -> 0.90697674 | S78: =+'DIFERENTES DE CPS'!$P49-'DIFERENTES DE CPS'!$Q49 -> 375343850 | T78: https://community.secop.gov.co/Public/Tendering/OpportunityDetail/Index?noticeUID=CO1.NTC.8001395&isFromPublicArea=True&isModal=true&asPopupView=true
